 Dungeon Crawl Stone Soup version 0.19-a0-36-g4a0968a (webtiles) character file.

176 Zhenya25pyc the Covered (level 5, -6/33 HPs)
             Began as a Gargoyle Fighter on May 4, 2016.
             Mangled by an ogre
             ... wielding a +0 giant spiked club
              (18 damage)
             ... on level 4 of the Dungeon.
             The game lasted 00:03:47 (2397 turns).

Zhenya25pyc the Covered (Gargoyle Fighter)          Turns: 2397, Time: 00:03:47

Health: -6/33      AC: 15    Str: 26    XL:     5   Next: 56%
Magic:  5/5        EV:  7    Int:  8    God:
Gold:   211        SH: 13    Dex:  9    Spells: 0 memorised, 4 levels left

rFire  . . .     SeeInvis .     a - +0 flail
rCold  . . .     Gourm    .     b - +0 scale mail
rNeg   + . .     Faith    .     c - +0 shield
rPois  ∞         Spirit   .     (no helmet)
rElec  +         Dismiss  .     s - +1 cloak
rCorr  .         Reflect  +     E - +0 pair of gloves
SustAt .         Harm     .     w - +0 pair of boots
MR     .....                    l - +3 amulet of reflection
Stlth  ..........               (no ring)
                                v - +5 ring of strength

@: not resistant to hostile enchantments, extremely unstealthy
A: negative energy resistance 1, electricity resistance, unbreathing,
petrification resistance, rot immunity, AC +4
a: no special abilities


You were on level 4 of the Dungeon.
You were not hungry.

You visited 1 branch of the dungeon, and saw 4 of its levels.

You collected 211 gold pieces.

Inventory:

Hand Weapons
 a - a +0 flail (weapon)
Armour
 b - a +0 scale mail (worn)
 c - a +0 shield (worn)
 s - a +1 cloak (worn)
 w - a +0 pair of boots (worn)
 E - a +0 pair of gloves (worn)
Jewellery
 l - a +3 amulet of reflection (around neck)
 v - a +5 ring of strength (left hand)
Wands
 y - a wand of random effects (35/48)
 B - a wand of iceblast (10/15)
Scrolls
 e - a scroll of noise {unknown}
 h - 4 scrolls of teleportation {unknown}
 o - 2 scrolls of identify {unknown}
 p - a scroll of enchant weapon {unknown}
 t - 3 scrolls of remove curse {unknown}
 D - a scroll of blinking {unknown}
Potions
 d - a potion of might
 g - 4 potions of brilliance {unknown}
 j - a potion of lignification {unknown}
 k - 2 potions of curing {unknown}
 n - 2 potions of resistance {unknown}
 r - a potion of degeneration {unknown}
 u - a potion of flight {unknown}
 z - a potion of invisibility {unknown}
 A - 4 potions of heal wounds {unknown}
 C - a potion of berserk rage {unknown}
Comestibles
 f - 3 bread rations
 i - 2 fruits
 m - 2 slices of pizza
 q - 3 meat rations
 x - a beef jerky


   Skills:
 + Level 4.0 Fighting
 * Level 3.8 Maces & Flails
 + Level 4.3 Armour
 + Level 4.1 Shields


You had 4 spell levels left.
You didn't know any spells.

Dungeon Overview and Level Annotations

Branches:
Dungeon (4/15)
 Temple: D:4-7

Altars:
Gozag
Kikubaaqudgha
Zin


Innate Abilities, Weirdness & Mutations

You are resistant to torment.
Your stone body is resilient (AC +4).
You are immune to poison.
You resist negative energy.
You are resistant to electric shocks.
You can survive without breathing.
You are immune to petrification.
You are immune to rotting.


Message History

No target in view!
You see here a pair of gloves.
E - a pair of gloves You start putting on your armour.
You continue putting on your pair of gloves. x4
You finish putting on your +0 pair of gloves.
You open the door.
There is an open door here.
There is a stone staircase leading down here.
Found a stone staircase leading up.
An ogre comes into view. It is wielding a giant spiked club.
The ogre shouts!
The ogre hits you with a giant spiked club!!
Ouch! That really hurt!
You barely miss the ogre. The ogre closely misses you.
You sock the ogre!
The ogre is moderately wounded.
The ogre hits you with a giant spiked club!!
Ouch! That really hurt!
You die...

#..............#
#..............#.# .
#..............#.# .
#..............#.# .# .
#######>.......#.##.#.#
######.#.#.....
#.#.#... #.#.#.##.#.#.
#....@O......
###<#.####### ###?..
#####


You could see an ogre.

Vanquished Creatures
  A hound (D:4)
  A worker ant (D:4)
  5 adders
  A worm (D:2)
  2 dart slugs
  3 giant geckos
  5 orcs
  6 goblins
  7 hobgoblins
  7 kobolds
  3 quokkas
  A ball python (D:2)
  6 bats
  6 giant newts
  13 rats
67 creatures vanquished.

Notes
Turn   | Place    | Note
--------------------------------------------------------------
     0 | D:1      | Zhenya25pyc the Gargoyle Fighter began the quest for the Orb.
     0 | D:1      | Reached XP level 1. HP: 14/14 MP: 1/1
    84 | D:1      | Reached XP level 2. HP: 17/19 MP: 2/2
   452 | D:1      | Reached XP level 3. HP: 23/23 MP: 3/3
   967 | D:2      | Reached XP level 4. HP: 29/29 MP: 4/4
  1206 | D:2      | Found an ancient bone altar of Kikubaaqudgha.
  1832 | D:4      | Reached XP level 5. HP: 32/33 MP: 5/5
  2090 | D:4      | Found an opulent altar of Gozag.
  2091 | D:4      | Found a glowing silver altar of Zin.
  2393 | D:4      | Noticed an ogre
  2397 | D:4      | Mangled by an ogre

Vault maps used:
D:1:      minmay_arrival_glassed_features, serial_bayou_pond_c,
          minmay_misc_feat_five, st_stairs_14, minivault_23, fountainhead
D:2:      lemuel_crystal_altar
D:4:      grunt_temple_overflow_gold_and_silver

Skill      XL: |  1  2  3  4  5 |
---------------+----------------+-----
Maces & Flails | 3 |  3.8
Armour         | 4 |  4.3
Shields        | 4 |  4.1
Fighting       | 4 |  4.0

Action                   |  1- 3 |  4- 6 || total
-------------------------+-------+-------++-------
Melee: Flail             |   145 |   142 ||   287
  Eat: Chunk             |       |     5 ||     5
Armor: Scale mail        |    74 |    87 ||   161
Dodge: Dodged            |    48 |    44 ||    92
Block: Shield            |    98 |   138 ||   236
       Reflection        |     2 |       ||     2
